TOP OF THE 1ST |
Cincinnati (NYP) Reds batting - Pitching for Salem-Keizer Volcanoes : RHP Eddie Rojo
|
Pitching: RHP Eddie Rojo
|
|
Batting: RHB Adrian Billups
|
0-0: Ground out U3 (Groundball, 34S, EV 80.0 MPH)
|
Batting: SHB Cesar Pelayo
|
0-0: Called Strike 0-1: Ball 1-1: Ball 2-1: Foul Ball, location: 2F 2-2: Ball 3-2: Foul Ball, location: 2F 3-2: Base on Balls
|
Batting: SHB David Garnica
|
0-0: Fielders Choice at 2nd, 4-6 (Groundball, 4, EV 83.1 MPH)
|
Batting: RHB Chris Christaldi
|
0-0: Ball 1-0: Ball 2-0: Called Strike David Garnica steals 2nd base 2-1: Foul Ball, location: 2F 2-2: Foul Ball, location: 2F 2-2: Ball 3-2: Base on Balls
|
Batting: RHB Alex de Leon
|
0-0: Swinging Strike 0-1: Ball 1-1: Foul Ball, location: 2F 1-2: Strikes out swinging
|
Top of the 1st over - 0 runs, 0 hits, 0 errors, 2 left on base; Cincinnati (NYP) 0 - Salem-Keizer 0 |
BOTTOM OF THE 1ST |
Salem-Keizer Volcanoes batting - Pitching for Cincinnati (NYP) Reds : RHP Phil McLaughlin
|
Pitching: RHP Phil McLaughlin
|
|
Batting: LHB Joe Hoover
|
0-0: Called Strike 0-1: Foul Ball, location: 2F 0-2: Strikes out looking
|
Batting: LHB Adrian Navarro
|
0-0: Ball 1-0: Ball 2-0: Ball 3-0: Called Strike 3-1: Swinging Strike 3-2: Base on Balls
|
Batting: LHB Ben Radach
|
0-0: Foul Ball, location: 2F 0-1: Ball 1-1: Called Strike 1-2: Strikes out swinging
|
Batting: LHB Tom Reynolds
|
0-0: Called Strike Adrian Navarro steals 2nd base 0-1: Ball 1-1: 2-RUN HOME RUN (Flyball, 89XD, EV 108.1 MPH), Distance : 406 ft
|
Batting: LHB Chris Raymond
|
0-0: Ball 1-0: SINGLE (Groundball, 3L, EV 95.6 MPH)
|
Batting: RHB Matt Fabre
|
0-0: Ball Chris Raymond steals 2nd base 1-0: Ball Wild Pitch! Chris Raymond to third 2-0: Called Strike 2-1: Ball 3-1: Base on Balls
|
Batting: SHB Curtis Thompson
|
0-0: Ball 1-0: Ball 2-0: Ball 3-0: Foul Ball, location: 2F 3-1: Base on Balls Matt Fabre to second
|
Batting: RHB Tony Harper
|
0-0: Called Strike 0-1: Fly out, F5 (Popup, 5SF, EV 70.6 MPH)
|
Bottom of the 1st over - 2 runs, 2 hits, 0 errors, 3 left on base; Cincinnati (NYP) 0 - Salem-Keizer 2 |
TOP OF THE 2ND |
Cincinnati (NYP) Reds batting - Pitching for Salem-Keizer Volcanoes : RHP Eddie Rojo
|
Batting: LHB Fernando Gomez
|
0-0: Ball 1-0: Swinging Strike 1-1: Swinging Strike 1-2: Foul Ball, location: 2F 1-2: Strikes out swinging
|
Batting: RHB Yutaka Sato
|
0-0: Called Strike 0-1: Fly out, F7 (Flyball, 7D, EV 108.8 MPH)
|
Batting: RHB Emanuel Estrada
|
0-0: Called Strike 0-1: Called Strike 0-2: Ball 1-2: Strikes out swinging
|
Top of the 2nd over - 0 runs, 0 hits, 0 errors, 0 left on base; Cincinnati (NYP) 0 - Salem-Keizer 2 |
BOTTOM OF THE 2ND |
Salem-Keizer Volcanoes batting - Pitching for Cincinnati (NYP) Reds : RHP Phil McLaughlin
|
Batting: LHB John Dietrich
|
0-0: Called Strike 0-1: Ball 1-1: Foul Ball, location: 2F 1-2: Ground out 6-3 (Groundball, P, EV 89.4 MPH)
|
Batting: LHB Joe Hoover
|
0-0: Ball 1-0: Ball 2-0: Ball 3-0: Called Strike 3-1: Called Strike 3-2: Base on Balls
|
Batting: LHB Adrian Navarro
|
0-0: Called Strike Joe Hoover steals 2nd base 0-1: Foul Ball, location: 2F 0-2: Foul Ball, location: 2F 0-2: Strikes out looking
|
Batting: LHB Ben Radach
|
0-0: Called Strike 0-1: Ball 1-1: Foul Ball, location: 2F 1-2: Ball 2-2: Ground out 4-3 (Groundball, 4, EV 100.0 MPH)
|
Bottom of the 2nd over - 0 runs, 0 hits, 0 errors, 1 left on base; Cincinnati (NYP) 0 - Salem-Keizer 2 |
TOP OF THE 3RD |
Cincinnati (NYP) Reds batting - Pitching for Salem-Keizer Volcanoes : RHP Eddie Rojo
|
Batting: LHB Mike Becerra
|
0-0: Swinging Strike 0-1: Ball 1-1: Foul Ball, location: 2F 1-2: Ball 2-2: Foul Ball, location: 2F 2-2: Strikes out swinging
|
Batting: RHB Adrian Billups
|
0-0: Ball 1-0: Ball 2-0: Called Strike 2-1: Ground out 4-3 (Groundball, 13, EV 88.1 MPH)
|
Batting: SHB Cesar Pelayo
|
0-0: Ball 1-0: Foul Ball, location: 2F 1-1: Ball 2-1: DOUBLE (Flyball, 89XD, EV 103.1 MPH)
|
Batting: SHB David Garnica
|
0-0: Called Strike 0-1: Ball 1-1: Swinging Strike 1-2: Ball 2-2: Strikes out swinging
|
Top of the 3rd over - 0 runs, 1 hit, 0 errors, 1 left on base; Cincinnati (NYP) 0 - Salem-Keizer 2 |
BOTTOM OF THE 3RD |
Salem-Keizer Volcanoes batting - Pitching for Cincinnati (NYP) Reds : RHP Phil McLaughlin
|
Batting: LHB Tom Reynolds
|
0-0: Ball 1-0: Called Strike 1-1: DOUBLE (Groundball, 5L, EV 101.9 MPH)
|
Batting: LHB Chris Raymond
|
0-0: Called Strike 0-1: Ball 1-1: Ball 2-1: Foul Ball, location: 2F 2-2: Ball 3-2: Foul Ball, location: 2F 3-2: Strikes out looking
|
Batting: RHB Matt Fabre
|
0-0: Ball 1-0: Called Strike 1-1: Ball 2-1: Foul Ball, location: 2F 2-2: Foul Ball, location: 2F 2-2: Strikes out swinging
|
Batting: SHB Curtis Thompson
|
0-0: Ball 1-0: Called Strike 1-1: Swinging Strike 1-2: Ground out U3 (Groundball, 3L, EV 82.5 MPH)
|
Bottom of the 3rd over - 0 runs, 1 hit, 0 errors, 1 left on base; Cincinnati (NYP) 0 - Salem-Keizer 2 |
TOP OF THE 4TH |
Cincinnati (NYP) Reds batting - Pitching for Salem-Keizer Volcanoes : RHP Eddie Rojo
|
Batting: RHB Chris Christaldi
|
0-0: Ball 1-0: Called Strike 1-1: Ball 2-1: Ball 3-1: Base on Balls
|
Batting: RHB Alex de Leon
|
0-0: Ball 1-0: Fly out, F4 (Popup, 4D, EV 50.0 MPH)
|
Batting: LHB Fernando Gomez
|
0-0: Ball 1-0: Ball 2-0: Foul Ball, location: 2F 2-1: Foul Ball, location: 2F 2-2: Fielders Choice at 2nd, 4-6 (Groundball, 4, EV 103.8 MPH)
|
Batting: RHB Yutaka Sato
|
0-0: Ball 1-0: Foul Ball, location: 2F 1-1: Called Strike 1-2: Ground out 5-3 (Groundball, 56, EV 87.5 MPH)
|
Top of the 4th over - 0 runs, 0 hits, 0 errors, 1 left on base; Cincinnati (NYP) 0 - Salem-Keizer 2 |
BOTTOM OF THE 4TH |
Salem-Keizer Volcanoes batting - Pitching for Cincinnati (NYP) Reds : RHP Phil McLaughlin
|
Batting: RHB Tony Harper
|
0-0: Ball 1-0: Called Strike 1-1: SINGLE (Groundball, 6S, EV 63.8 MPH) (infield hit)
|
Batting: LHB John Dietrich
|
0-0: Called Strike 0-1: Swinging Strike 0-2: Strikes out swinging
|
Pitching: RHP Toby Riley
|
|
Batting: LHB Joe Hoover
|
0-0: Ball 1-0: Called Strike 1-1: Foul Ball, location: 2F 1-2: Ball 2-2: Ball 3-2: Base on Balls Tony Harper to second
|
Batting: LHB Adrian Navarro
|
0-0: Ball 1-0: Fielders Choice at 2nd, 5-4 (Groundball, 56S, EV 90.0 MPH) Tony Harper to third
|
Batting: LHB Ben Radach
|
0-0: Swinging Strike 0-1: Called Strike 0-2: Ball Wild Pitch! Tony Harper scores Adrian Navarro to second 1-2: Ball 2-2: Strikes out looking
|
Bottom of the 4th over - 1 run, 1 hit, 0 errors, 1 left on base; Cincinnati (NYP) 0 - Salem-Keizer 3 |
TOP OF THE 5TH |
Cincinnati (NYP) Reds batting - Pitching for Salem-Keizer Volcanoes : RHP Eddie Rojo
|
Batting: RHB Emanuel Estrada
|
0-0: Swinging Strike 0-1: Ball 1-1: Ball 2-1: Foul Ball, location: 2F 2-2: Strikes out swinging
|
Batting: LHB Mike Becerra
|
0-0: Ball 1-0: Ball 2-0: Ball 3-0: Called Strike 3-1: Swinging Strike 3-2: Fly out, F7 (Line Drive, 7, EV 108.1 MPH)
|
Batting: RHB Adrian Billups
|
0-0: Ball 1-0: Ball 2-0: Ground out 5-3 (Groundball, 56, EV 101.9 MPH)
|
Top of the 5th over - 0 runs, 0 hits, 0 errors, 0 left on base; Cincinnati (NYP) 0 - Salem-Keizer 3 |
BOTTOM OF THE 5TH |
Salem-Keizer Volcanoes batting - Pitching for Cincinnati (NYP) Reds : RHP Toby Riley
|
Batting: LHB Tom Reynolds
|
0-0: Swinging Strike 0-1: Foul Ball, location: 2F 0-2: Strikes out swinging
|
Batting: LHB Chris Raymond
|
0-0: Ball 1-0: Ball 2-0: Called Strike 2-1: Called Strike 2-2: Strikes out swinging, 2-3 out at first.
|
Batting: RHB Matt Fabre
|
0-0: Called Strike 0-1: Fly out, F9 (Flyball, 9, EV 85.6 MPH)
|
Bottom of the 5th over - 0 runs, 0 hits, 0 errors, 0 left on base; Cincinnati (NYP) 0 - Salem-Keizer 3 |
TOP OF THE 6TH |
Cincinnati (NYP) Reds batting - Pitching for Salem-Keizer Volcanoes : RHP Eddie Rojo
|
Pitching: LHP Martin Garcia
|
|
Batting: SHB Cesar Pelayo
|
0-0: Ball 1-0: Foul Ball, location: 2F 1-1: Fly out, F7 (Flyball, 7D, EV 101.9 MPH)
|
Batting: SHB David Garnica
|
0-0: Ball 1-0: Ball 2-0: Ball 3-0: Called Strike 3-1: Foul Ball, location: 2F 3-2: Ground out 3-1 (Groundball, 34, EV 88.8 MPH)
|
Batting: RHB Chris Christaldi
|
0-0: Ball 1-0: Foul Ball, location: 2F 1-1: Ground out 5-3 (Groundball, 56S, EV 67.5 MPH)
|
Top of the 6th over - 0 runs, 0 hits, 0 errors, 0 left on base; Cincinnati (NYP) 0 - Salem-Keizer 3 |
BOTTOM OF THE 6TH |
Salem-Keizer Volcanoes batting - Pitching for Cincinnati (NYP) Reds : RHP Toby Riley
|
Batting: SHB Curtis Thompson
|
0-0: Called Strike 0-1: Ball 1-1: Ball 2-1: Swinging Strike 2-2: Strikes out swinging, 2-3 out at first.
|
Batting: RHB Tony Harper
|
0-0: Ball 1-0: Ball 2-0: Called Strike 2-1: SINGLE (Line Drive, 89M, EV 100.6 MPH)
|
Batting: LHB John Dietrich
|
0-0: Ball Tony Harper steals 2nd base 1-0: Swinging Strike 1-1: Swinging Strike 1-2: Strikes out swinging
|
Pitching: LHP Andres Lobato
|
|
Batting: LHB Joe Hoover
|
0-0: Called Strike 0-1: Ball 1-1: Hit by Pitch
|
Batting: LHB Adrian Navarro
|
0-0: Ball 1-0: Ball 2-0: Ball Balk! Tony Harper to third Joe Hoover to second 3-0: Called Strike 3-1: 3-RUN HOME RUN (Flyball, 78XD, EV 112.5 MPH), Distance : 448 ft
|
Batting: LHB Ben Radach
|
0-0: Ball 1-0: Ball 2-0: Ball 3-0: Called Strike 3-1: Base on Balls
|
Batting: LHB Tom Reynolds
|
0-0: Ball 1-0: Foul Ball, location: 2F 1-1: Ball 2-1: Ball 3-1: Foul Ball, location: 2F 3-2: Ground out U3 (Groundball, 34S, EV 88.8 MPH)
|
Bottom of the 6th over - 3 runs, 2 hits, 0 errors, 1 left on base; Cincinnati (NYP) 0 - Salem-Keizer 6 |
TOP OF THE 7TH |
Cincinnati (NYP) Reds batting - Pitching for Salem-Keizer Volcanoes : LHP Martin Garcia
|
Batting: RHB Alex de Leon
|
0-0: Fly out, F4 (Popup, 4D, EV 64.4 MPH)
|
Batting: LHB Fernando Gomez
|
0-0: Called Strike 0-1: Ground out U3 (Groundball, 34S, EV 89.4 MPH)
|
Batting: RHB Yutaka Sato
|
0-0: Called Strike 0-1: Ball 1-1: Ball 2-1: Ball 3-1: Called Strike 3-2: Strikes out looking
|
Top of the 7th over - 0 runs, 0 hits, 0 errors, 0 left on base; Cincinnati (NYP) 0 - Salem-Keizer 6 |
BOTTOM OF THE 7TH |
Salem-Keizer Volcanoes batting - Pitching for Cincinnati (NYP) Reds : LHP Andres Lobato
|
Batting: LHB Chris Raymond
|
0-0: Ball 1-0: Called Strike 1-1: Called Strike 1-2: Strikes out swinging
|
Batting: RHB Matt Fabre
|
0-0: Ground out U3 (Groundball, 34, EV 88.1 MPH)
|
Batting: SHB Curtis Thompson
|
0-0: Ball 1-0: Ball 2-0: Called Strike 2-1: Foul Ball, location: 2F 2-2: Ball 3-2: Strikes out swinging
|
Bottom of the 7th over - 0 runs, 0 hits, 0 errors, 0 left on base; Cincinnati (NYP) 0 - Salem-Keizer 6 |
TOP OF THE 8TH |
Cincinnati (NYP) Reds batting - Pitching for Salem-Keizer Volcanoes : LHP Martin Garcia
|
Batting: RHB Emanuel Estrada
|
0-0: Called Strike 0-1: Swinging Strike 0-2: Ball 1-2: Ball 2-2: Foul Ball, location: 2F 2-2: Strikes out swinging, 2-3 out at first.
|
Pinch Hitting: RHB Nick Moreno
|
0-0: Ground out 5-3 (Groundball, 5, EV 98.8 MPH)
|
Batting: RHB Adrian Billups
|
0-0: Called Strike 0-1: Called Strike 0-2: Foul Ball, location: 2F 0-2: Strikes out swinging
|
Top of the 8th over - 0 runs, 0 hits, 0 errors, 0 left on base; Cincinnati (NYP) 0 - Salem-Keizer 6 |
BOTTOM OF THE 8TH |
Salem-Keizer Volcanoes batting - Pitching for Cincinnati (NYP) Reds : LHP Andres Lobato
|
Now in RF: Nick Moreno
|
|
Batting: RHB Tony Harper
|
0-0: Called Strike 0-1: Ball 1-1: Swinging Strike 1-2: Ball 2-2: DOUBLE (Groundball, 5L, EV 96.9 MPH)
|
Pitching: RHP Gabe Gutierrez
|
|
Batting: LHB John Dietrich
|
0-0: Called Strike 0-1: Ball 1-1: Ball 2-1: Ball 3-1: Base on Balls
|
Batting: LHB Joe Hoover
|
0-0: Swinging Strike 0-1: Fly out, F8 (Flyball, 8RM, EV 90.0 MPH)
|
Batting: LHB Adrian Navarro
|
0-0: Called Strike 0-1: Called Strike 0-2: Ball 1-2: Ball 2-2: Foul Ball, location: 2F 2-2: Ball 3-2: Foul Ball, location: 2F 3-2: 3-RUN HOME RUN (Flyball, 89XD, EV 109.4 MPH), Distance : 409 ft
|
Batting: LHB Ben Radach
|
0-0: Foul Ball, location: 2F 0-1: Ball 1-1: Reached via error on a dropped throw from 1B, E1 (Groundball, 34, EV 83.1 MPH)
|
Batting: LHB Tom Reynolds
|
0-0: Ball Wild Pitch! Ben Radach to second 1-0: Ball 2-0: Called Strike 2-1: Foul Ball, location: 2F 2-2: SINGLE (Groundball, 6M, EV 100.0 MPH) Ben Radach to third Runner from 3rd tries for Home, SAFE, throw by CF to home
|
Pinch Hitting: RHB Jim Begger
|
0-0: Called Strike 0-1: Ball 1-1: Ball 2-1: Ball 3-1: Fly out, F9 (Flyball, 9, EV 96.2 MPH)
|
Pinch Hitting: RHB Lee Deason
|
0-0: Ball 1-0: Ball 2-0: Called Strike 2-1: DOUBLE (Groundball, 5L, EV 93.8 MPH) Tom Reynolds to third Runner from 3rd tries for Home, SAFE, throw by LF to home
|
Pinch Hitting: LHB Santiago Chavira
|
0-0: Ball 1-0: Called Strike 1-1: Ball 2-1: Ball 3-1: Base on Balls
|
Pitching: RHP Gilbert Paparelli
|
|
Pinch Hitting: LHB Omar Marquez
|
0-0: Called Strike 0-1: Foul Ball, location: 2F 0-2: Foul Ball, location: 2F 0-2: Ball 1-2: Ball 2-2: Fly out, F8 (Line Drive, 8LD, EV 98.8 MPH)
|
Bottom of the 8th over - 5 runs, 4 hits, 1 error, 2 left on base; Cincinnati (NYP) 0 - Salem-Keizer 11 |
TOP OF THE 9TH |
Cincinnati (NYP) Reds batting - Pitching for Salem-Keizer Volcanoes : LHP Martin Garcia
|
Now at 2B: Santiago Chavira
|
|
Now at 3B: Lee Deason
|
|
Now at SS: Jim Begger
|
|
Now in LF: Omar Marquez
|
|
Batting: SHB Cesar Pelayo
|
0-0: Called Strike 0-1: Ball 1-1: Foul Ball, location: 2F 1-2: Ball 2-2: Strikes out swinging wild pitch, reaches first!
|
Pinch Hitting: RHB Adam Lambert
|
0-0: Ball 1-0: Called Strike 1-1: Ball 2-1: Fly out, F9 (Flyball, 9D, EV 95.6 MPH)
|
Pinch Hitting: RHB Ch'ang-chieh Hsia
|
0-0: Foul Ball, location: 2F 0-1: Ball 1-1: Ball 2-1: Foul Ball, location: 2F 2-2: Ball 3-2: Foul Ball, location: 2F 3-2: Base on Balls Cesar Pelayo to second
|
Pitching: RHP Chong-hun Park
|
|
Batting: RHB Alex de Leon
|
0-0: Called Strike 0-1: Swinging Strike 0-2: Ball 1-2: Strikes out swinging
|
Pinch Hitting: RHB Derek Moran
|
0-0: Fly out, F7 (Flyball, 7, EV 90.0 MPH)
|
Top of the 9th over - 0 runs, 0 hits, 0 errors, 2 left on base; Cincinnati (NYP) 0 - Salem-Keizer 11 |
|